 Dungeon Crawl Stone Soup version 0.16-b1 (webtiles) character file.

38 Fluffy the Charmwright (level 3, 0/25 HPs)
             Began as a High Elf Skald on Mar 14, 2015.
             Slain by Crazy Yiuf
             ... wielding a +3 quarterstaff of chaos
              (11 damage)
             ... on level 2 of the Dungeon.
             The game lasted 00:04:02 (1588 turns).

Fluffy the Charmwright (High Elf Skald)             Turns: 1588, Time: 00:04:02

Health: 0/25       AC:  7    Str: 11    XL:     3   Next: 25%
Magic:  8/8        EV: 11    Int: 16    God:
Gold:   67         SH:  0    Dex: 15    Spells: 3 memorised, 2 levels left

rFire  . . .     SeeInvis .     a - +0 falchion
rCold  . . .     Clarity  .     g - +0 leather armour (curse)
rNeg   . . .     SustAb   .     (no shield)
rPois  .         Gourm    .     j - +2 helmet
rElec  .         Spirit   .     (no cloak)
rCorr  .         Warding  .     i - +0 pair of gloves
rMut   .         Stasis   .     (no boots)
MR     .....                    (no amulet)
Stlth  +.........               (no ring)
                                (no ring)

@: confused, infused (expiring), not resistant to hostile enchantments, very
unstealthy
A: no striking features
a: no special abilities


You were on level 2 of the Dungeon.
You were not hungry.

You visited 1 branch of the dungeon, and saw 2 of its levels.

You collected 67 gold pieces.

Inventory:

Hand weapons
 a - a +0 falchion (weapon)
Armour
 g - a cursed +0 leather armour (worn)
 i - a +0 pair of gloves (worn)
 j - a +2 helmet (worn)
Scrolls
 b - 2 scrolls of identify {unknown}
 e - a scroll of teleportation {unknown}
 h - a scroll of fear {unknown}
 n - a scroll of recharging {unknown}
Potions
 l - a potion of decay {unknown}
 m - a potion of agility {unknown}
Books
 c - a book of Battle

   Spells                             Type                      Level
   a - Infusion                       Charms                       1
   b - Shroud of Golubria             Charms/Translocation         2
   c - Song of Slaying                Charms                       2
   d - Spectral Weapon                Hexes/Charms                 3
   e - Regeneration                   Charms/Necromancy            3
Comestibles
 d - a bread ration
 k - a beef jerky


   Skills:
 + Level 2.4 Fighting
 + Level 3.0 Long Blades
 - Level 0.8 Armour
 - Level 1.1 Dodging
 + Level 2.9 Spellcasting
 + Level 4.2 Charms


You had 2 spell levels left.
You knew the following spells:

 Your Spells              Type           Power        Failure   Level  Hunger
a - Infusion              Chrm           ###...       6%          1    #......
b - Song of Slaying       Chrm           ###.....     10%         2    ##.....
c - Shroud of Golubria    Chrm/Tloc      #.........   17%         2    ##.....


Dungeon Overview and Level Annotations

Branches:
Dungeon (2/15)

Altars:
Cheibriados
Vehumet

Annotations:
D:2 Crazy Yiuf


Message History

You hit Crazy Yiuf.
Crazy Yiuf is moderately wounded.
Your magical infusion is running out.
Crazy Yiuf says, "Pitchfork senile ladder!"
Crazy Yiuf hits you with a quarterstaff of chaos.
Crazy Yiuf burns you.
You barely miss Crazy Yiuf.
Crazy Yiuf is moderately wounded.
Crazy Yiuf hits you with a quarterstaff of chaos!
* * * LOW HITPOINT WARNING * * *
You feel your power leaking away.
Drink which item? (? for menu, Esc to quit)
It was a potion of ambrosia.
You are confused.
You feel invigorated.
Crazy Yiuf hits you with a quarterstaff of chaos.
* * * LOW HITPOINT WARNING * * *
You bump into the rock wall.
Crazy Yiuf hits you with a quarterstaff of chaos!
You die...

.### .... . #..
######## ...
#.##....#.### ##..
#........#@g# #...
##......####.....#
#...# ##..)..##
#..)#
..#.###...#### ###
.##.##....#
.##.#..(..#
.#....##..#
....####### .##.#


You could see Crazy Yiuf.

Vanquished Creatures
  An adder (D:2)
  A worm (D:2)
  3 goblins
  5 hobgoblins
  3 kobolds
  4 bats (D:1)
  3 giant cockroaches
  A giant gecko (D:1)
  3 giant newts
  2 rats (D:1)
26 creatures vanquished.

Notes
Turn   | Place    | Note
--------------------------------------------------------------
     0 | D:1      | Fluffy, the High Elf Skald, began the quest for the Orb.
     0 | D:1      | Reached XP level 1. HP: 14/14 MP: 4/4
   461 | D:1      | Reached XP level 2. HP: 19/19 MP: 3/6
   606 | D:1      | Learned a level 2 spell: Song of Slaying
   609 | D:1      | Learned a level 2 spell: Shroud of Golubria
  1119 | D:2      | Found a radiant altar of Vehumet.
  1136 | D:2      | Reached skill level 4 in Charms
  1288 | D:2      | Reached XP level 3. HP: 25/25 MP: 1/8
  1357 | D:2      | Found a snail-covered altar of Cheibriados.
  1577 | D:2      | Noticed Crazy Yiuf
  1588 | D:2      | Slain by Crazy Yiuf

Action                   || total
-------------------------++-------
Melee: Falchion          ||    62
 Cast: Infusion          ||    11
       Shroud of Golubri ||     1
       Song of Slaying   ||     1
  Use: Potion            ||     1
  Eat: Chunk             ||     2
